 Dungeon Crawl Stone Soup version 0.30-a0-263-ge22c4ad894 (webtiles) character file.

Game seed: 2430336740911494552

1301 chippings the Trooper (level 8, -3/66 (83) HPs)
             Began as an Ogre Reaver on Oct 13, 2022.
             Was a Believer of Vehumet.
             Slain by Pikel
             ... wielding a +1 whip of flaming
              (6 damage)
             ... on level 5 of the Dungeon.
             The game lasted 00:15:21 (5375 turns).

chippings the Trooper (Ogre Reaver)                 Turns: 5375, Time: 00:15:22

HP:   -3/66 (83)    AC:  5    Str: 17    XL:     8   Next: 57%
MP:   10/12         EV: 10    Int: 14    God:    Vehumet [**....]
Gold: 422           SH:  0    Dex:  9    Spells: 2/13 levels left

rFire   . . .      SeeInvis .    f - +0 war axe (venom)
rCold   . . .      Faith    .    (no shield)
rNeg    . . .      Spirit   .    b - +0 robe
rPois   .          Reflect  .    (helmet restricted)
rElec   .          Harm     .    q - +1 cloak
rCorr   .          Rampage  .    (gloves unavailable)
Will    +....                    (boots unavailable)
Stlth   +.........               (no amulet)
HPRegen 0.31/turn                g - ring of willpower
MPRegen 0.13/turn                (no ring)

@: heavily drained
A: large, unfitting armour, tough skin 1
a: Renounce Religion


You were on level 5 of the Dungeon.
You worshipped Vehumet.
Vehumet was pleased with you.
You visited 1 branch of the dungeon, and saw 5 of its levels.
You also visited: Sewer.

You collected 422 gold pieces.

Inventory:

Hand Weapons
 f - a +0 war axe of venom (weapon)
 l - a +0 giant club
Missiles
 h - a throwing net
Armour
 b - a +0 robe (worn)
 q - a +1 cloak (worn)
Jewellery
 g - a ring of willpower (left hand)
Scrolls
 a - a scroll of blinking
 i - a scroll of immolation
 o - 4 scrolls of vulnerability
 p - a scroll of poison
 r - a scroll of identify
Potions
 c - a potion of brilliance
 d - 3 potions of heal wounds
 e - a potion of magic {unknown}
 j - 2 potions of attraction {unknown}
 k - a potion of cancellation {unknown}
 m - a potion of resistance {unknown}
 n - 3 potions of curing {unknown}
 s - 3 potions of flight
 t - a potion of lignification {unknown}


   Skills:
 - Level 6.0 Fighting
 - Level 3.1(4.3) Axes
 + Level 4.1(4.6) Maces & Flails
 - Level 4.0 Dodging
 - Level 3.0 Spellcasting
 + Level 4.1 Conjurations
 - Level 3.0 Necromancy
 * Level 3.6 Air Magic


You had 2 spell levels left.
You knew the following spells:

 Your Spells              Type           Power      Damage    Failure   Level
a - Kiss of Death         Conj/Necr      48%        2d9       4%          1
b - Momentum Strike       Conj/Tloc      14%        3d8       14%         2
c - Conjure Ball Lightni  Conj/Air       6%         3x3d6     100%        6
d - Static Discharge      Conj/Air       24%        2-3/arc   7%          2

Your spell library contained the following spells:

 Spells                   Type           Power      Damage    Failure   Level
 Cigotuvi's Dreadful Rot  Necr/Pois/Air  16%        N/A       13%         2
 Poisonous Vapours        Pois/Air       14%        N/A       16%         2
 Mephitic Cloud           Conj/Pois/Air  9%         N/A       22%         3
 Hailstorm                Conj/Ice       7%         3d4       28%         3
 Discord                  Hex            1%         N/A       100%        8
 Disjunction              Tloc           1%         N/A       100%        8


Dungeon Overview and Level Annotations

Branches:
Dungeon (5/15)              Sewer (visited)
 Temple: D:4-7

Altars:
Cheibriados
Ru
Sif Muna
Vehumet
Yredelemnul
The Shining One

Annotations:
D:5 Pikel


Innate Abilities, Weirdness & Mutations

You are too large for most types of armour.
You have tough skin. (AC +1)


Message History

Pikel hits you with a +1 whip of flaming!
Pikel burns you. The lemure hits you but does no damage.
You hit Pikel.
Pikel is severely wounded.
You closely miss the lemure. Pikel completely misses you. The lemure hits you.
Pikel zaps a wand.
The bolt of dispelling energy hits you!
Your magical effects are unravelling.
The lemure barely misses you.
Unknown command.
You hit Pikel but do no damage.
Pikel is severely wounded.
You barely miss the lemure.
You are no longer robbed of momentum.
Pikel hits you with a +1 whip of flaming!
Pikel burns you. The lemure closely misses you.
You hit Pikel but do no damage.
Pikel is severely wounded.
You slash the lemure!
The lemure is poisoned.
Pikel hits you but does no damage.
You hit Pikel but do no damage.
Pikel looks even sicker.
Pikel is severely wounded.
You hit the lemure. x2; The lemure is poisoned.
Pikel misses you. The lemure hits you. The lemure hits you!
The lemure hits you but does no damage.
Pikel zaps a wand.
The bolt of dispelling energy hits you!
* * * LOW HITPOINT WARNING * * *
The lemure misses you.
You barely miss Pikel.
Pikel is severely wounded.
You hit the lemure.
The lemure looks as sick as possible!
You closely miss the lemure.
Pikel zaps a wand.
The bolt of dispelling energy hits you.
* * * LOW HITPOINT WARNING * * *
The lemure hits you but does no damage. x2
You hit Pikel but do no damage.
Pikel looks as sick as possible!
Pikel is severely wounded.
You hit the lemure.
The lemure looks as sick as possible!
You closely miss the lemure.
Pikel hits you with a +1 whip of flaming.
You die...

..### #.......#.............#...
....####.......#....#............
....#..).......#....#............
....................#............
#'####...........#..#............
...♣##..............#.....##.##..
....##..................K........
...♣##..........55...............
....##..........@K...............
#_####.....#...#....#............
### ##......####....#.........#..
####.............>...... .....#..
.#'.............<..##### ###.....
.......####'#.....## #. ...
..................#..
...................._.
..............###.#..8#


You could see Pikel (extremely poisoned, drained) and 2 lemures.

Vanquished Creatures
  Prince Ribbit (D:5)
  4 yaks (D:5)
  An ogre (D:5)
  2 lemures
  A kobold brigand (Sewer)
  A scorpion (D:5)
  4 hounds (D:5)
  A jelly (D:5)
  2 iguanas
  2 scorpion zombies (D:4)
  Terence (D:3)
  4 orc wizards
  A hound zombie (D:4)
  4 adders
  A shadow imp (D:4)
  An adder zombie (D:4)
  3 worms (D:4)
  2 dart slugs
  9 orcs
  2 endoplasms
  3 giant cockroaches
  7 goblins
  10 hobgoblins
  7 kobolds
  2 quokkas
  7 ball pythons
  7 bats
  2 frilled lizards (D:1)
  8 rats
100 creatures vanquished.

Vanquished Creatures (others)
  An adder (D:4)
  An orc (D:4)
2 creatures vanquished.

Grand Total: 102 creatures vanquished

Notes
Turn   | Place    | Note
-------+----------+-------------------------------------------
     0 | D:1      | chippings the Ogre Reaver began the quest for the Orb.
     0 | D:1      | Reached XP level 1. HP: 22/22 MP: 3/3
   134 | D:1      | Reached XP level 2. HP: 27/29 MP: 5/5
   199 | D:1      | Reached skill level 3 in Fighting
   239 | D:1      | You fall into a shaft and drop 1 floor!
   884 | D:2      | Learned a level 2 spell: Momentum Strike
   962 | D:2      | Reached XP level 3. HP: 37/37 MP: 7/7
  1249 | D:2      | Reached skill level 1 in Necromancy
  1827 | D:3      | Found a sacrificial altar of Ru.
  1828 | D:3      | Found a radiant altar of Vehumet.
  1842 | D:3      | Became a worshipper of Vehumet
  1892 | D:3      | Noticed Terence
  1894 | D:3      | Reached skill level 1 in Axes
  1902 | D:3      | Killed Terence
  1903 | D:3      | Reached XP level 4. HP: 26/42 MP: 5/8
  2360 | D:3      | Found a faded altar of an unknown god.
  2607 | D:4      | Found a snail-covered altar of Cheibriados.
  2701 | D:4      | Reached XP level 5. HP: 47/54 MP: 6/9
  2707 | D:4      | Reached skill level 4 in Fighting
  2743 | D:4      | Reached * piety under Vehumet
  2743 | D:4      | Offered knowledge of Magic Dart by Vehumet.
  2856 | D:4      | Found a glowing drain.
  2891 | Sewer    | Entered a sewer
  2973 | Sewer    | Noticed a kobold brigand
  2983 | Sewer    | Killed a kobold brigand
  2984 | Sewer    | Reached XP level 6. HP: 45/61 MP: 10/10
  3048 | Sewer    | Found a white marble altar of Elyvilon.
  3282 | D:4      | Found a basalt altar of Yredelemnul.
  3524 | D:5      | Entered Level 5 of the Dungeon
  3787 | D:5      | Reached skill level 5 in Fighting
  3787 | D:5      | Reached XP level 7. HP: 55/72 MP: 11/11
  3859 | D:5      | Learned a level 6 spell: Conjure Ball Lightning
  3997 | D:5      | Found a glowing golden altar of the Shining One.
  4141 | D:5      | Offered knowledge of Static Discharge by Vehumet.
  4142 | D:5      | Reached ** piety under Vehumet
  4149 | D:5      | Learned a level 2 spell: Static Discharge
  4163 | D:5      | Noticed Pikel
  4447 | D:5      | Noticed Prince Ribbit
  4452 | D:5      | Killed Prince Ribbit
  4453 | D:5      | Reached skill level 6 in Fighting
  4453 | D:5      | Reached skill level 1 in Air Magic
  4691 | D:5      | Noticed a yak
  4692 | D:5      | Noticed a yak
  4692 | D:5      | Noticed a yak
  4707 | D:5      | Noticed a yak
  4709 | D:5      | Killed a yak
  4710 | D:5      | Reached XP level 8. HP: 29/83 MP: 8/12
  4716 | D:5      | Found a shimmering blue altar of Sif Muna.
  4988 | D:5      | Killed a yak
  4995 | D:5      | Killed a yak
  5232 | D:5      | Killed a yak
  5374 | D:5      | HP: 2/66 [Pikel/bolt of dispelling energy (4)]
  5375 | D:5      | Slain by Pikel

Illustrated notes

Levels and vault maps discovered:
D:1:      amcnicky_arrival_double_pillar, layout_basic, minmay_small_reverse_x
D:2:      layout_basic, st_stairs_1
D:3:      layout_loops_ring, grunt_temple_overflow_open, basic_ecumenical_altar,
          grunt_ministairs_13, minmay_misc_feat_ornament, uniq_terence
D:4:      layout_rooms, nicolae_yredelemnul_corpse_copse, amcnicky_altar_gilded,
          cheibrodos_sewer_entry_bend, kennysheep_another_room
D:5:      layout_basic, led_sif_book, tso_altar, nemelex_diamond_rough_becter,
          uniq_prince_ribbit1, uniq_pikel

Skill      XL: |  1  2  3  4  5  6  7  8 |
---------------+-------------------------+-----
Fighting       | 3 4 5 6 |  6.0
Necromancy     | 1 2 3 |  3.0
Conjurations   | 3 4 |  4.1
Axes           | 1 2 3 |  3.1
Dodging        | 2 3 4 |  4.0
Spellcasting   | 3 |  3.0
Maces & Flails | 3 4 |  4.1
Air Magic      | 2 3 |  3.6

Action                   |  1- 3 |  4- 6 |  7- 9 || total
-------------------------+-------+-------+-------++-------
Melee: Mace              |    50 |       |       ||    50
       War axe           |    67 |   142 |   110 ||   319
       Punch             |     1 |     1 |     2 ||     4
 Cast: Momentum Strike   |     1 |     6 |     3 ||    10
       Kiss of Death     |     1 |     1 |     3 ||     5
       Static Discharge  |       |       |     4 ||     4
  Use: Scroll            |       |     9 |     2 ||    11
       Potion            |       |     1 |       ||     1
Armor: Robe              |    55 |    44 |    46 ||   145
Dodge: Dodged            |    75 |    78 |    55 ||   208

Table legend: (Time is in decaauts)
 A = Elapsed time spent in this place.
 B = Non-inter-level travel time spent in this place.
 C = Inter-level travel time spent in this place.
 D = Time resting spent in this place.
 E = Time spent auto-exploring this place.
 F = Levels seen in this place.
 G = Mean time per level.
                   A        B        C        D        E       F      G
               +--------+--------+--------+--------+--------+-----+--------+
         Total |   5528 |   5279 |    249 |    886 |   2676 |   6 |  921.3 |
       Dungeon |   5289 |   5040 |    249 |    886 |   2523 |   5 | 1057.8 |
         Sewer |    239 |    239 |      0 |      0 |    153 |   1 |  239.0 |
               +--------+--------+--------+--------+--------+-----+--------+

Top non-repeatable levels by time:
     D:4: 1793 daAuts
     D:2: 1218 daAuts
     D:5: 867 daAuts
     D:3: 729 daAuts
     D:1: 681 daAuts
   Sewer: 239 daAuts
